Map: Odyssey LE

Players

ShaDoWn - Winner!

  • Race: Protoss Protoss
  • Spawn Location: 11:00

Hymy

  • Race: Protoss Protoss
  • Spawn Location: 5:00

Event: WCS Jonkoping 2017

VOD

Have the link to the VOD?

Description

Time

  • Played on: June 17, 2017, 7:54 a.m.
  • Length: 12:37

All games in this series

Show
View Real Time Build Order
Export as new Build Order

ShaDoWn Protoss - Winner!

Build Orders:  

Get SALT Encoding   

  12  0:01  Probe (Chrono Boost)  
  13  0:11  Probe (Chrono Boost)  
  14  0:18  Pylon  
  14  0:22  Probe (Chrono Boost)  
  15  0:36  Probe (Chrono Boost)  
  15  0:37  Gateway  
  15  0:41  Assimilator  
  16  0:46  Probe (Chrono Boost)  
  17  0:51  Assimilator  
  17  0:57  Probe (Chrono Boost)  
  18  1:08  Probe (Chrono Boost)  
  18  1:11  Gateway  
  20  1:18  Probe (Chrono Boost)  
  20  1:24  Cybernetics Core  
  20  1:29  Probe (Chrono Boost)  
  20  1:32  Pylon  
  21  1:39  Probe (Chrono Boost)  
  22  1:50  Probe (Chrono Boost)  
  23  2:01  Stalker x2, Warp Gate (Chrono Boost)  
  27  2:06  Mothership Core  
  29  2:15  Pylon  
  29  2:23  Pylon  
  29  2:30  Stalker  
  29  2:36  Stalker  
  33  2:46  Gateway  
  33  2:53  Pylon  
  34  3:05  Pylon  
  33  3:06  Pylon  
  33  3:11  Probe  
  31  3:51  Stalker x3  
  37  4:01  Nexus  
  38  4:10  Probe (Chrono Boost)  
  38  4:14  Sentry x3  
  44  4:20  Probe (Chrono Boost)  
  43  4:31  Probe (Chrono Boost)  
  36  4:41  Probe (Chrono Boost)  
  36  4:42  Stargate  
  36  4:44  Robotics Facility  
  37  4:52  Probe (Chrono Boost)  
  38  4:56  Pylon  
  38  5:02  Probe (Chrono Boost)  
  39  5:13  Probe x2 (Chrono Boost)  
  41  5:22  Probe (Chrono Boost)  
  41  5:23  Probe (Chrono Boost)  
  41  5:24  Oracle (Chrono Boost)  
  41  5:25  Phoenix (Chrono Boost)  
  46  5:31  Observer  
  46  5:32  Probe  
  46  5:35  Probe  
  49  5:38  Forge  
  49  5:40  Twilight Council  
  49  5:42  Probe  
  49  5:47  Probe  
  51  5:53  Probe  
  51  5:54  Immortal (Chrono Boost)  
  56  5:59  Probe  
  56  6:01  Pylon  
  56  6:03  Probe  
  57  6:05  Assimilator  
  57  6:07  Assimilator  
  58  6:11  Probe  
  58  6:13  Protoss Ground Weapons Level 1  
  58  6:14  Probe  
  60  6:23  Probe  
  60  6:25  Probe  
  62  6:36  Probe  
  62  6:37  Blink (Chrono Boost)  
  63  6:46  Immortal (Chrono Boost)  
  67  6:51  Nexus  
  67  6:55  Gateway  
  67  6:56  Gateway  
  67  6:59  Gateway  
  67  7:05  Gateway  
  67  7:07  Pylon  
  67  7:10  Sentry  
  67  7:13  Probe  
  70  7:24  Probe, Warp Prism (Chrono Boost)  
  70  7:25  Oracle  
  70  7:28  Probe  
  74  7:32  Stalker  
  74  7:34  Pylon  
  76  7:40  Probe  
  77  7:50  Photon Cannon  
  77  7:53  Photon Cannon, Stalker  
  77  7:54  Stalker x2  
  77  7:56  Sentry  
  77  7:57  Protoss Ground Weapons Level 2  
  85  8:04  Stalker x2  
  89  8:18  Stalker x2  
  89  8:19  Stalker  
  95  8:29  Pylon  
  95  8:35  Stalker x3  
  88  8:58  Stalker x2  
  88  8:59  Stalker x4  
  88  9:00  Probe  
  88  9:01  Probe x2  
  103  9:22  Stalker x4  
  109  9:26  Pylon  
  109  9:27  Pylon  
  79  9:52  Stalker  
  79  9:53  Stalker x5  
  79  9:58  Gateway  
  91  10:01  Gateway  
  91  10:02  Gateway  
  81  10:22  Stalker x6  
  81  10:23  Probe  
  81  10:25  Probe x2  
  81  10:26  Assimilator  
  81  10:28  Assimilator  
  76  11:05  Probe x2  
  76  11:06  Probe  
  77  11:23  Probe  
  76  11:29  Stalker x6  
  74  11:34  Stalker  
  74  11:35  Stalker x7  
  74  11:36  Stalker  
  74  11:37  Warp Prism  
  90  11:49  Gateway x2  
  90  11:50  Gateway, Nexus  
  90  11:51  Gateway  
  90  12:00  Stalker x2  
  90  12:01  Stalker x6  
  100  12:05  Stalker  
  108  12:09  Pylon  
Show
View Real Time Build Order
Export as new Build Order

Hymy Protoss 

Build Orders:  

Get SALT Encoding   

  12  0:01  Probe (Chrono Boost)  
  13  0:11  Probe (Chrono Boost)  
  14  0:18  Pylon  
  14  0:22  Probe (Chrono Boost)  
  15  0:36  Probe (Chrono Boost)  
  15  0:37  Gateway  
  16  0:47  Probe (Chrono Boost)  
  16  0:48  Assimilator  
  17  0:52  Assimilator  
  17  0:57  Probe (Chrono Boost)  
  18  1:05  Gateway  
  18  1:08  Probe (Chrono Boost)  
  19  1:19  Probe (Chrono Boost)  
  19  1:24  Cybernetics Core  
  20  1:29  Probe (Chrono Boost)  
  21  1:33  Pylon  
  21  1:40  Probe (Chrono Boost)  
  22  1:50  Probe (Chrono Boost)  
  23  2:01  Stalker x2  
  25  2:05  Warp Gate (Chrono Boost)  
  25  2:07  Pylon  
  27  2:14  Mothership Core  
  29  2:47  Stalker  
  29  2:48  Nexus  
  31  2:56  Pylon  
  31  3:02  Pylon  
  31  3:15  Stalker  
  35  3:37  Robotics Facility  
  33  3:43  Probe  
  32  3:53  Gateway  
  32  3:54  Stalker  
  34  3:56  Stalker  
  34  4:00  Probe  
  37  4:07  Probe  
  38  4:15  Stalker  
  40  4:20  Stalker  
  35  4:37  Probe  
  29  4:38  Probe  
  29  4:44  Sentry x2  
  35  4:48  Probe (Chrono Boost)  
  35  4:49  Observer  
  35  4:50  Probe (Chrono Boost)  
  39  5:00  Probe (Chrono Boost)  
  39  5:02  Probe (Chrono Boost)  
  39  5:07  Stalker  
  42  5:10  Probe (Chrono Boost)  
  42  5:12  Probe (Chrono Boost), Twilight Council  
  44  5:21  Probe (Chrono Boost)  
  45  5:22  Assimilator  
  45  5:23  Probe (Chrono Boost)  
  45  5:27  Sentry  
  48  5:31  Probe (Chrono Boost)  
  48  5:33  Probe (Chrono Boost)  
  50  5:42  Probe (Chrono Boost), Immortal  
  55  5:45  Probe (Chrono Boost)  
  56  5:52  Charge, Probe (Chrono Boost)  
  56  5:56  Probe (Chrono Boost)  
  58  6:01  Pylon  
  58  6:03  Probe (Chrono Boost)  
  59  6:07  Probe (Chrono Boost)  
  60  6:12  Pylon  
  60  6:13  Probe (Chrono Boost)  
  60  6:17  Probe (Chrono Boost)  
  62  6:24  Probe (Chrono Boost)  
  63  6:28  Probe (Chrono Boost)  
  59  6:37  Probe (Chrono Boost)  
  59  6:41  Probe (Chrono Boost)  
  59  6:42  Immortal  
  59  6:44  Forge  
  59  6:46  Assimilator  
  64  6:47  Probe (Chrono Boost)  
  64  6:52  Probe (Chrono Boost)  
  66  6:58  Probe (Chrono Boost)  
  67  7:02  Probe (Chrono Boost)  
  68  7:09  Probe (Chrono Boost)  
  68  7:13  Nexus  
  68  7:15  Probe (Chrono Boost), Templar Archives  
  69  7:26  Probe (Chrono Boost)  
  69  7:29  Probe (Chrono Boost)  
  71  7:32  Protoss Ground Weapons Level 1 (Chrono Boost)  
  71  7:34  Stalker  
  71  7:35  Stalker x2  
  71  7:36  Probe (Chrono Boost)  
  78  7:41  Pylon  
  78  7:49  Pylon  
  78  7:52  Pylon  
  78  8:00  Gateway  
  78  8:01  Gateway  
  78  8:09  Zealot x3  
  84  8:24  Probe, Gateway  
  84  8:26  Probe x2  
  87  8:27  Pylon  
  87  8:38  High Templar x2  
  87  8:39  Zealot  
  70  8:56  Immortal (Chrono Boost)  
  70  9:00  High Templar x2  
  70  9:02  Zealot  
  80  9:07  Protoss Ground Weapons Level 2, Archon  
  80  9:10  Pylon, Gateway  
  80  9:11  Zealot x2, Gateway  
  82  9:21  Zealot  
  82  9:22  Zealot  
  80  9:32  Immortal (Chrono Boost)  
  80  9:36  Zealot x3  
  80  9:39  Zealot x3  
  80  9:44  Zealot  
  80  9:45  Zealot  
  75  9:53  Pylon  
  75  9:58  Pylon  
  63  10:12  Zealot  
  63  10:13  Zealot x4  
  65  10:17  Sentry  
  67  10:29  High Templar x2  
  67  10:30  Probe  
  67  10:32  Probe  
  67  10:34  Pylon  
  67  10:35  High Templar, Archon  
  73  10:36  High Templar  
  73  10:42  Archon  
  75  10:46  Pylon  
  75  10:47  Zealot  
  75  10:52  Zealot x2  
  58  11:05  Probe x2  
  58  11:08  Stalker x2  
  64  11:17  Probe x2  
  66  11:21  High Templar x2  
  69  11:27  Zealot  
  69  11:29  Probe x2  
  67  11:37  Zealot x2  
  69  11:43  Probe x2  
  69  11:51  High Templar x2  
  71  11:55  Probe, Archon  
  73  12:02  Zealot x2  
  76  12:26  High Templar x2  
  76  12:27  Zealot x2  
  68  12:32  Archon  
Tags
 
Add a new tag
Caveats
  • Supply blocks, unpowered buildings, or Contaminate may cause inaccurate times.
  • Supply counts are checked every 10 seconds.